 Dungeon Crawl Stone Soup version 0.28.0 (webtiles) character file.

Game seed: 5597121325796102062

262 SnakkuSnakku7 the Digger (level 5, -2/37 HPs)
             Began as a Palentonga Earth Elementalist on Feb 16, 2022.
             Slain by Crazy Yiuf (6 damage)
             ... on level 3 of the Dungeon.
             The game lasted 00:03:35 (3203 turns).

SnakkuSnakku7 the Digger (PaEE)                     Turns: 3203, Time: 00:03:35

Health: -2/37      AC:  4    Str: 12    XL:     5   Next: 97%
Magic:  0/8        EV:  5    Int: 17    God:
Gold:   8          SH:  0    Dex: 10    Spells: 7/8 levels left

rFire   . . .      SeeInvis +   d - +0 dagger
rCold   . . .      Faith    .   (no shield)
rNeg    . . .      Spirit   .   b - +0 robe
rPois   .          Reflect  .   (no helmet)
rElec   .          Harm     .   (no cloak)
rCorr   .          Rampage  .   (no gloves)
Will    .....                   (no barding)
Stlth   +.........              (no amulet)
HPRegen 0.12/turn               (no ring)
MPRegen 0.11/turn               (no ring)

@: petrifying, very slightly contaminated, very slow
A: large, rugged brown scales 3, see invisible, deformed body, roll 1, armoured
tail
a: Rolling Charge


You were on level 3 of the Dungeon.
You visited 1 branch of the dungeon, and saw 3 of its levels.

You collected 129 gold pieces.
You spent 121 gold pieces at shops.

Inventory:

Hand Weapons
 d - a +0 dagger (weapon)
Missiles
 c - 90 stones
Armour
 b - a +0 robe (worn)
Scrolls
 f - a scroll of immolation
 h - a scroll of brand weapon
 i - a scroll of acquirement {unknown}
 k - 3 scrolls of teleportation
 l - a scroll of vulnerability {unknown}
 n - a scroll of fear {unknown}
 p - a scroll of amnesia {unknown}
Potions
 a - 2 potions of curing
 e - a potion of haste
 j - a potion of mutation
 o - 2 potions of attraction


   Skills:
 - Level 1.5 Dodging
 - Level 1.2 Stealth
 - Level 2.0 Spellcasting
 - Level 1.0 Transmutations
 + Level 6.1 Earth Magic


You had 7 spell levels left.
You knew the following spells:

 Your Spells              Type           Power      Damage    Failure   Level
a - Sandblast             Erth           44%        2d11      1%          1

Your spell library contained the following spells:

 Spells                   Type           Power      Damage    Failure   Level
 Passwall                 Tmut/Erth      10%        N/A       7%          2
 Stone Arrow              Conj/Erth      24%        3d8       16%         3
 Petrify                  Tmut/Erth      13%        N/A       41%         4


Dungeon Overview and Level Annotations

Branches:
Dungeon (3/15)

Altars:

Shops:
D:3 ?

Annotations:
D:3 Crazy Yiuf


Innate Abilities, Weirdness & Mutations

You are completely covered in rugged brown scales. (AC +3, +7% HP)
You have supernaturally acute eyesight. (SInv)
Armour fits poorly on your strangely shaped body.
You can roll at nearby foes to attack.
You have a long armoured tail.


Message History

HP restored.
You see here a +0 short sword.
Found a runed mace.
Found a runed translucent door.
Crazy Yiuf shouts!
Crazy Yiuf says, "Defame chair canine!"
Could not explore, unopened runed door.
You open the door.
Aiming: Sandblast (safe; 1% risk of failure)
Press: ? - help, Q - select action, (/) - cycle Shift-Dir - straight line, f - Crazy Yiuf
Aim: Crazy Yiuf, wielding a +3 quarterstaff of chaos and wearing a +0 cloak (83% to hit)
The blast of sand hits Crazy Yiuf.
Crazy Yiuf is lightly wounded.
Aiming: Sandblast (safe; 1% risk of failure)
Press: ? - help, Q - select action, (/) - cycle Shift-Dir - straight line, f/p - Crazy Yiuf
Aim: Crazy Yiuf, wielding a +3 quarterstaff of chaos and wearing a +0 cloak (lightly wounded, 83% to hit)
The blast of sand hits Crazy Yiuf!
Crazy Yiuf is heavily wounded.
Crazy Yiuf hits you with a +3 quarterstaff of chaos!
You feel your power leaking away.
Aiming: Sandblast (safe; 1% risk of failure)
Press: ? - help, Q - select action, (/) - cycle Shift-Dir - straight line, f/p - Crazy Yiuf
Aim: Crazy Yiuf, wielding a +3 quarterstaff of chaos and wearing a +0 cloak (heavily wounded, 83% to hit)
The blast of sand hits Crazy Yiuf!
Crazy Yiuf is almost dead.
Crazy Yiuf cries, "Seed!"
Crazy Yiuf hits you with a +3 quarterstaff of chaos!
You are slowing down.
Unknown command.
Unknown command.
Aiming: Sandblast (safe; 1% risk of failure)
Press: ? - help, Q - select action, (/) - cycle Shift-Dir - straight line, f/p - Crazy Yiuf
Aim: Crazy Yiuf, wielding a +3 quarterstaff of chaos and wearing a +0 cloak (almost dead, 83% to hit)
You miscast Sandblast.
You are very lightly contaminated with residual magic.
Nothing appears to happen.
Crazy Yiuf says, "Race noodlescoop seventy!"
Crazy Yiuf hits you with a +3 quarterstaff of chaos!
* * * LOW HITPOINT WARNING * * *
Crazy Yiuf hits you with a +3 quarterstaff of chaos!
You die...

#.# #.#
#.####....###...#
#.# #.###.###.#
#'..'# #.### #.#
#.........#
♣....♣ #.# #.#
#####.###.#
♣♣...♣ ### #.#
#.# #.# ♣♣.♣♣ #.#
#.###.# ♣♣.♣ #.#
#.....# ♣.♣♣ #.#
####..# ♣♣.♣ #.#
#.## ♣@♣♣ ####.#
#.# #g#
#######....# #.#
..^ #....##.####
#.# #...#
#.......#### #.#
#)..#
####........ #.#
##### ###..####
#.# #...... #.#
#### ### ##.###.
#.# #..# #.# #.#
#.


You could see Crazy Yiuf.

Vanquished Creatures
  Sigmund (D:2)
  Natasha (twice) (D:3)
  An adder (D:2)
  A dart slug (D:1)
  3 ball pythons (D:1)
  5 endoplasms
  3 giant cockroaches
  7 goblins
  7 hobgoblins
  2 jackals (D:1)
  A kobold (D:1)
  5 quokkas
  6 bats
  6 rats
50 creatures vanquished.

Notes
Turn   | Place    | Note
-------+----------+-------------------------------------------
     0 | D:1      | SnakkuSnakku7 the Palentonga Earth Elementalist began the
                  | quest for the Orb.
     0 | D:1      | Reached XP level 1. HP: 13/13 MP: 3/3
    33 | D:1      | Reached skill level 3 in Earth Magic
   262 | D:1      | Reached XP level 2. HP: 9/20 MP: 1/5
   803 | D:1      | Reached XP level 3. HP: 17/25 MP: 6/6
  1222 | D:2      | Noticed Sigmund
  1403 | D:2      | Reached skill level 4 in Earth Magic
  1491 | D:2      | Found a faded altar of an unknown god.
  2343 | D:2      | Killed Sigmund
  2344 | D:2      | Reached skill level 5 in Earth Magic
  2344 | D:2      | Reached XP level 4. HP: 18/32 MP: 2/7
  2344 | D:2      | Reached XP level 5. HP: 21/37 MP: 2/8
  2928 | D:3      | Noticed Natasha
  2934 | D:3      | Killed Natasha
  2942 | D:3      | Found Denitonn's Magic Scroll Shop.
  2949 | D:3      | Reached skill level 6 in Earth Magic
  2962 | D:3      | Bought a scroll of identify for 22 gold pieces
  2962 | D:3      | Bought a scroll of teleportation for 33 gold pieces
  2962 | D:3      | Bought a scroll of identify for 22 gold pieces
  2962 | D:3      | Bought a scroll of identify for 22 gold pieces
  2962 | D:3      | Bought a scroll of identify for 22 gold pieces
  2984 | D:3      | Noticed Natasha
  3002 | D:3      | Killed Natasha
  3195 | D:3      | Found a runed translucent door.
  3196 | D:3      | Noticed Crazy Yiuf
  3203 | D:3      | Slain by Crazy Yiuf

Illustrated notes

Levels and vault maps discovered:
D:1:      roderic_octagonal_star, layout_basic
D:2:      layout_loops_ring, basic_ecumenical_altar, uniq_sigmund
D:3:      layout_loops_ring, serial_shops, shop, uniq_crazy_yiuf_cottage,
          uniq_natasha

Skill      XL: |  1  2  3  4  5 |
---------------+----------------+-----
Earth Magic    | 3 5 6 |  6.1
Dodging        | |  1.5
Stealth        | |  1.2
Spellcasting   | |  2.0
Transmutations | |  1.0

Action                   |  1- 3 |  4- 6 || total
-------------------------+-------+-------++-------
Melee: Unarmed           |    12 |       ||    12
       Dagger            |   152 |    25 ||   177
       Tailslap          |    21 |     1 ||    22
 Cast: Sandblast         |    20 |    12 ||    32
  Use: Scroll            |       |     6 ||     6
 Stab: Sleeping          |     3 |     1 ||     4
Armor: Robe              |    73 |    17 ||    90
Dodge: Dodged            |    90 |    18 ||   108
